 Dungeon Crawl Stone Soup version 0.30.1-3-gfc49f6343a (webtiles) character file.

Game seed: 15771889986565144400

1864 Heoruswealwe the Thaumaturge (level 8, -2/41 HPs)
             Began as a Deep Elf Conjurer on July 19, 2023.
             Was an Initiate of Vehumet.
             Succumbed to a killer bee's poison
             ... on level 7 of the Dungeon.
             The game lasted 00:54:22 (5773 turns).

Heoruswealwe the Thaumaturge (Deep Elf Conjurer)    Turns: 5773, Time: 00:54:22

Health: -2/41      AC:  3    Str:  4    XL:     8   Next: 90%
Magic:  13/25      EV: 12    Int: 26    God:    Vehumet [......]
Gold:   295        SH:  0    Dex: 13    Spells: 15/29 levels left

rFire   . . .        (no weapon)
rCold   . . .        d - orb {light}
rNeg    . . .        c - +0 robe
rPois   .            g - +0 helmet
rElec   .            (no cloak)
rCorr   .            (no gloves)
SInv    .            (no boots)
Will    .....        (no amulet)
Stlth   +            (no ring)
HPRegen 0.26/turn    (no ring)
MPRegen 0.19/turn

%: no passive effects
@: lethally poisoned (-2 -> -15), very slightly contaminated, glowing
A: no striking features
a: Renounce Religion


You were on level 7 of the Dungeon.
You worshipped Vehumet.
Vehumet was noncommittal.
You visited 1 branch of the dungeon, and saw 7 of its levels.

You collected 295 gold pieces.

Inventory:

Armour
 c - a +0 robe (worn)
 d - an orb of light (worn)
 g - a +0 helmet (worn)
 u - a +0 robe
Jewellery
 h - the amulet of Lydousah {Acrobat Harm Rampage rElec rPois}
   (You found it on level 2 of the Dungeon)

   [amulet of the acrobat]

   It increases your evasion while moving and waiting.
   rElec:     It insulates you from electricity.
   rPois:     It protects you from poison.
   Harm:      It increases damage dealt and taken.
   Rampage:   It bestows one free step when moving towards enemies.
Wands
 q - a wand of paralysis (9)
 t - a wand of mindburst (16)
 B - a wand of quicksilver (14)
 E - a wand of roots (10)
 F - a wand of flame (31)
Scrolls
 e - 3 scrolls of poison
 i - a scroll of fog {unknown}
 j - 3 scrolls of teleportation {unknown}
 k - 2 scrolls of amnesia {unknown}
 l - 3 scrolls of identify {unknown}
 n - a scroll of brand weapon {unknown}
 o - 2 scrolls of enchant armour {unknown}
 r - 2 scrolls of vulnerability {unknown}
 D - a scroll of noise {unknown}
 G - a scroll of immolation {unknown}
Potions
 a - 5 potions of degeneration {unknown}
 b - 3 potions of magic
 f - a potion of attraction {unknown}
 m - 3 potions of flight {unknown}
 p - a potion of cancellation {unknown}
 s - 2 potions of heal wounds {unknown}
 A - 2 potions of curing {unknown}
 C - a potion of haste {unknown}


   Skills:
 - Level 2.4 Dodging
 - Level 2.4 Stealth
 + Level 11.0 Spellcasting
 + Level 10.0 Conjurations


You had 15 spell levels left.
You knew the following spells:

 Your Spells              Type           Power      Damage    Failure   Level
a - Magic Dart            Conj           100%       1d8       1%          1
b - Searing Ray           Conj           100%       2d8       1%          2
c - Dazzling Flash        Conj/Hex       80%        N/A       1%          3
d - Fulminant Prism       Conj/Hex       20%        3d12      5%          4
e - Iskenderun's Mystic   Conj/Tloc      40%        2d9       5%          4

Your spell library contained the following spells:

 Spells                   Type           Power      Damage    Failure   Level
 Gell's Gravitas          Tloc           14%        N/A       12%         3
 Teleport Other           Tloc           14%        N/A       12%         3
 Dispersal                Tloc           7%         N/A       99%         6


Dungeon Overview and Level Annotations

Branches:
Dungeon (7/15)             Temple (0/1) D:7

Altars:
Dithmenos
Nemelex Xobeh
Vehumet
Xom
Zin

Shops:
D:6 :


Message History

Confirm with . or Enter, or press ? or * to list all spells.
Aiming: Searing Ray (safe; 1% risk of failure)
Press: ? - help, Shift-Dir - straight line, f/p - killer bee
Aim: a killer bee (heavily wounded, haloed, 73% to hit)
The searing ray hits the killer bee!
The killer bee is almost dead.
The searing ray hits the killer bee!
The killer bee is severely wounded. (Press . to maintain the ray.)
The killer bee closely misses you.
A killer bee comes into view.
The killer bee stings you. The killer bee stings you!
You miscast Magic Dart.
You are very lightly contaminated with residual magic.
Nothing appears to happen.
The killer bee stings you! x2
You are poisoned.
The killer bee poisons you! The killer bee stings you!
* * * LOW HITPOINT WARNING * * *
The killer bee stings you.
* * * LOW HITPOINT WARNING * * *
Casting: Magic Dart (safe; 1% risk of failure)
Confirm with . or Enter, or press ? or * to list all spells.
You miscast Iskenderun's Mystic Blast.
The air around you crackles with energy.
You are magically locked in place.
You feel sick. The killer bee stings you.
* * * LOW HITPOINT WARNING * * *
You are more poisoned.
The killer bee poisons you! The killer bee misses you.
The killer bee stings you but does no damage.
The killer bee misses you.
Casting: Iskenderun's Mystic Blast (dangerous; 5% risk of failure)
Confirm with . or Enter, or press ? or * to list all spells.
You erupt in a blast of force!
The mystic blast hits the killer bee.
You kill the killer bee!
Vehumet accepts your kill.
The mystic blast hits the killer bee!
You kill the killer bee!
Vehumet accepts your kill.
You are no longer locked in place.
You die...

##...##........#A..#..#
##########..#._#...#_.#
#....?..##..#..#A..#..#
#.>.#.>.#...#..#####..#
#.......##.##..........
##########.#.........##
# #....##.#.###..####
####.#####...###'#####..
.....# #####..@..y....
.....# #..........
.....# #..........
.....# #..>.....##
.....# #........#
.....#########........#
......................#
......................#
......................#


You could see an angel (confused) and a killer bee.

Vanquished Creatures
  2 orc warriors (D:6)
  An ogre (D:5)
  A centaur (D:5)
  A phantom (D:7)
  2 kobold brigands (D:7)
  2 bullfrogs (D:6)
  4 scorpions
  3 wights (D:4)
  6 killer bees
  A howler monkey (D:6)
  4 hounds
  A jelly (D:6)
  An orc priest (D:6)
  Jessica (D:3)
  2 iguanas
  3 orc wizards (D:6)
  7 gnolls
  8 adders
  A worm (D:5)
  3 dart slugs
  14 orcs
  7 endoplasms
  2 giant cockroaches
  11 goblins
  5 hobgoblins
  18 kobolds
  2 quokkas
  3 ball pythons
  4 bats
  5 frilled lizards
  5 rats
130 creatures vanquished.

Notes
Turn   | Place    | Note
-------+----------+-------------------------------------------
     0 | D:1      | Heoruswealwe the Deep Elf Conjurer began the quest for the
                  | Orb.
     0 | D:1      | Reached XP level 1. HP: 10/10 MP: 6/6
   288 | D:1      | Reached XP level 2. HP: 15/15 MP: 0/8
   291 | D:1      | Learned a level 2 spell: Searing Ray
   321 | D:1      | You fall into a shaft and drop 1 floor!
   857 | D:1      | Reached skill level 4 in Spellcasting
  1245 | D:2      | Reached XP level 3. HP: 19/19 MP: 8/10
  1249 | D:2      | Learned a level 3 spell: Dazzling Flash
  1332 | D:2      | Identified the amulet of Lydousah {Acrobat Harm Rampage
                  | rElec rPois}
  1428 | D:2      | Reached skill level 5 in Conjurations
  1969 | D:3      | Noticed Jessica
  1972 | D:3      | Killed Jessica
  1973 | D:3      | Reached XP level 4. HP: 24/24 MP: 6/12
  1978 | D:3      | Learned a level 4 spell: Fulminant Prism
  2183 | D:3      | Found a shadowy altar of Dithmenos.
  2200 | D:3      | Reached skill level 5 in Spellcasting
  2425 | D:4      | Noticed a scorpion
  2456 | D:4      | Noticed a scorpion
  2459 | D:4      | Killed a scorpion
  2460 | D:4      | Reached XP level 5. HP: 26/28 MP: 10/15
  2468 | D:4      | Learned a level 4 spell: Iskenderun's Mystic Blast
  2651 | D:4      | Reached skill level 6 in Spellcasting
  2722 | D:4      | Reached XP level 6. HP: 32/32 MP: 12/17
  2861 | D:4      | Reached skill level 7 in Spellcasting
  3157 | D:5      | Entered Level 5 of the Dungeon
  3292 | D:5      | Reached XP level 7. HP: 36/36 MP: 14/20
  3517 | D:5      | Reached skill level 8 in Spellcasting
  3771 | D:6      | Found Guqoarax's Book Shoppe.
  3999 | D:6      | Reached skill level 9 in Spellcasting
  4071 | D:6      | Reached XP level 8. HP: 41/41 MP: 18/23
  4698 | D:6      | Reached skill level 10 in Spellcasting
  4829 | D:6      | Found a radiant altar of Vehumet.
  4843 | D:6      | Became a worshipper of Vehumet
  5250 | D:7      | Found a sparkling altar of Nemelex Xobeh.
  5388 | D:7      | Found a staircase to the Ecumenical Temple.
  5394 | D:7      | Found a shimmering altar of Xom.
  5396 | D:7      | Noticed an angel
  5403 | D:7      | Found a glowing silver altar of Zin.
  5705 | D:7      | Reached skill level 11 in Spellcasting
  5705 | D:7      | Reached skill level 10 in Conjurations
  5772 | D:7      | HP: 1/41 [killer bee (5)]
  5773 | D:7      | Succumbed to a killer bee's poison

Illustrated notes

Levels and vault maps discovered:
D:1:      matt_arrival_los_fun, layout_loops_ring
D:2:      wad_pebble_path, layout_basic, kennysheep_generic_room_13
D:3:      layout_basic, nicolae_dithmenos_through_a_glass_darkly, uniq_jessica
D:4:      layout_cave_pools
D:5:      layout_basic
D:6:      layout_layer_cave, vehumet_altar_wand_db, serial_shops, shop,
          minmay_pentangle
D:7:      layout_basic, grunt_temple_overflow_order_and_chaos_1,
          lemuel_tele_altar, minmay_temple_entry_from_below_a

Skill      XL: |  1  2  3  4  5  6  7  8 |
---------------+-------------------------+-----
Spellcasting   | 4 5 6 7 9 11 | 11.0
Conjurations   | 5 6 7 8 10 | 10.0
Dodging        | |  2.4
Stealth        | |  2.4

Action                     |  1- 3 |  4- 6 |  7- 9 || total
---------------------------+-------+-------+-------++-------
  Melee: Unarmed           |     1 |       |     3 ||     4
   Cast: Magic Dart        |    64 |    51 |    71 ||   186
         Searing Ray       |     1 |     9 |    27 ||    37
         Iskenderun's Myst |       |       |     9 ||     9
    Use: Scroll            |     1 |       |       ||     1
 Armour: Robe              |     4 |     2 |    12 ||    18
  Dodge: Dodged            |     4 |    10 |    42 ||    56
